 Dungeon Crawl Stone Soup version 0.30.1-3-gfc49f6343a (webtiles) character file.

Game seed: 1360247383939946202

65044 javelincjr the Fighter (level 14, -9/118 HPs)
             Began as a Demonspawn Fighter on July 21, 2023.
             Was the Champion of Lugonu.
             Killed by the raging water
             ... invoked by a water nymph
              (38 damage)
             ... on level 2 of the Shoals.
             The game lasted 01:31:11 (22586 turns).

javelincjr the Fighter (Demonspawn Fighter)        Turns: 22586, Time: 01:31:12

Health: -9/118     AC: 27    Str: 36    XL:     14   Next: 74%
Magic:  0/21       EV: 13    Int: 10    God:    Lugonu [******]
Gold:   2336       SH:  5    Dex: 18    Spells: 13/13 levels left

rFire   . . .        y - +9 dagger of the Sun {flame, rCorr}
rCold   + + .        (no shield)
rNeg    . . .        l - +0 plate armour
rPois   +            W - +0 helmet
rElec   .            e - +1 cloak
rCorr   +            H - +0 pair of gloves
SInv    .            O - +1 pair of boots
Will    +....        a - amulet "Ekyt" {Reflect Rampage rC+ Str+3 Dex+2 SH+5} Stlth
                     E - ring "Kiprawk" {rPois rC+ Str+6 Dex+3 Stlth+}
HPRegen 0.39/turn    X - +6 ring of strength
MPRegen 0.34/turn

%: reflection, guardian spirit, rampage
@: very slow
A: yellow scales 3, foul stench 1, magic shield, magic regeneration, demonic
touch 2
a: Renounce Religion, Depart the Abyss, Banish, Corrupt, Enter the Abyss, Brand
Weapon With Distortion


You were on level 2 of the Shoals.
You worshipped Lugonu.
Lugonu was exalted by your worship.
You visited 3 branches of the dungeon, and saw 20 of its levels.
You visited the Abyss 1 time.
You also visited: Gauntlet and Volcano.

You collected 2336 gold pieces.

Inventory:

Hand Weapons
 y - the +9 dagger of the Sun (weapon) {flame, rCorr}
   (You found it on level 4 of the Dungeon)

   rCorr:     It protects you from acid and corrosion.
 C - a +0 triple sword of flaming
 K - a +5 halberd of venom
 N - a +4 battleaxe of draining
Missiles
 w - 3 throwing nets (quivered)
 B - 6 boomerangs of dispersal
 T - 5 silver boomerangs
Armour
 e - a +1 cloak (worn)
 l - a +0 plate armour (worn)
 p - the +0 ring mail of the Pirate {rF+ rC+ rN+ Slay+2}
   (You found it on level 4 of the Lair of Beasts)

   Slay:      It affects your accuracy & damage with ranged weapons and melee
   (+2).
   rF:        It protects you from fire.
   rC:        It protects you from cold.
   rN:        It protects you from negative energy.
 x - a +1 scale mail of fire resistance
 H - a +0 pair of gloves (worn)
 I - a +2 chain mail of poison resistance
 O - a +1 pair of boots (worn)
 R - a +0 kite shield
 W - a +0 helmet (worn)
Jewellery
 a - the amulet "Ekyt" (around neck) {Reflect Rampage rC+ Str+3 Dex+2 SH+5}
   (You found it in a Gauntlet)

   [amulet of reflection]

   It reflects blocked missile attacks.
   Str:       It affects your strength (+3).
   Dex:       It affects your dexterity (+2).
   rC:        It protects you from cold.
   SH:        It affects your SH (+5).
   Rampage:   It bestows one free step when moving towards enemies.
 E - the ring "Kiprawk" (left hand) {rPois rC+ Str+6 Dex+3 Stlth+}
   (You found it on level 5 of the Dungeon)

   [ring of strength]

   Str:       It affects your strength (+6).
   Dex:       It affects your dexterity (+3).
   rC:        It protects you from cold.
   rPois:     It protects you from poison.
   Stlth:     It makes you more stealthy.
 F - an amulet of regeneration
 L - a ring of magical power
 Q - a ring of protection from fire
 X - a +6 ring of strength (right hand)
Wands
 b - a wand of flame (32)
 n - a wand of acid (29)
 o - a wand of mindburst (7)
 u - a wand of polymorph (7)
 P - a wand of charming (10)
Scrolls
 c - a scroll of magic mapping
 f - 6 scrolls of teleportation
 h - 4 scrolls of fog
 i - 5 scrolls of amnesia
 m - 3 scrolls of vulnerability
 A - 7 scrolls of poison
 J - 3 scrolls of enchant weapon
 Z - 2 scrolls of butterflies
Potions
 d - 3 potions of might
 g - 8 potions of curing
 j - 3 potions of haste
 k - 4 potions of flight
 q - 3 potions of attraction {unknown}
 r - 4 potions of magic {unknown}
 t - 3 potions of lignification
 v - a potion of ambrosia {unknown}
 z - 3 potions of brilliance {unknown}
 S - a potion of experience {unknown}
 V - 3 potions of mutation
 Y - a potion of cancellation {unknown}
Miscellaneous
 s - a tin of tremorstones (2/2)
 G - a phial of floods
 M - a phantom mirror


   Skills:
 * Level 13.6 Fighting
 - Level 10.0 Short Blades
 * Level 4.0 Axes
 * Level 12.4 Armour
 + Level 8.5 Dodging
 + Level 9.2 Shields
 - Level 10.0 Invocations


You had 13 spell levels left.
You didn't know any spells.
Your spell library contained the following spells:

 Spells                   Type           Power      Damage    Failure   Level
 Beastly Appendage        Tmut           0%         N/A       87%         1
 Freeze                   Ice            0%         1d3       87%         1
 Necrotise                Necr           0%         1d4       87%         1
 Sting                    Tmut/Pois      0%         1d3       87%         1
 Cigotuvi's Dreadful Rot  Necr/Pois/Air  0%         N/A       95%         2
 Ensorcelled Hibernation  Hex/Ice        0%         N/A       95%         2
 Poisonous Vapours        Pois/Air       0%         N/A       95%         2
 Scorch                   Fire           0%         2d5       95%         2
 Static Discharge         Conj/Air       0%         2-2/arc   95%         2
 Wereblood                Tmut           0%         N/A       95%         2
 Dazzling Flash           Conj/Hex       0%         N/A       99%         3
 Frozen Ramparts          Ice            0%         1d1       99%         3
 Gell's Gravitas          Tloc           0%         N/A       99%         3
 Hailstorm                Conj/Ice       0%         3d3       99%         3
 Inner Flame              Hex/Fire       0%         N/A       99%         3
 Mephitic Cloud           Conj/Pois/Air  0%         N/A       99%         3
 Ozocubu's Armour         Ice            0%         N/A       99%         3
 Spider Form              Tmut/Pois      0%         N/A       99%         3
 Stone Arrow              Conj/Erth      0%         3d7       99%         3
 Teleport Other           Tloc           0%         N/A       99%         3
 Vampiric Draining        Necr           0%         2d6       99%         3
 Volatile Blastmotes      Fire/Tloc      0%         2d10      99%         3
 Airstrike                Air            0%         2d(0-16)  100%        4
 Anguish                  Hex/Necr       0%         N/A       100%        4
 Animate Armour           Summ/Erth      0%         N/A       100%        4
 Dispel Undead            Necr           0%         3d6       100%        4
 Ice Form                 Ice/Tmut       0%         N/A       100%        4
 Iskenderun's Mystic Bla  Conj/Tloc      0%         2d3       100%        4
 Olgreb's Toxic Radiance  Pois           0%         N/A       100%        4
 Petrify                  Tmut/Erth      0%         N/A       100%        4
 Summon Ice Beast         Ice/Summ       0%         N/A       100%        4
 Summon Lightning Spire   Summ/Air       0%         N/A       100%        4
 Agony                    Necr           0%         N/A       100%        5
 Freezing Cloud           Conj/Ice/Air   0%         6-21      100%        5
 Irradiate                Conj/Tmut      0%         3d11      100%        5
 Metabolic Englaciation   Hex/Ice        0%         N/A       100%        5
 Summon Forest            Summ/Tloc      0%         N/A       100%        5
 Summon Mana Viper        Hex/Summ       0%         N/A       100%        5
 Yara's Violent Unravell  Hex/Tmut       0%         3d3       100%        5
 Death Channel            Necr           0%         N/A       100%        6
 Dispersal                Tloc           0%         N/A       100%        6
 Starburst                Conj/Fire      0%         6d3       100%        6
 Statue Form              Tmut/Erth      0%         N/A       100%        6
 Summon Cactus Giant      Summ           0%         N/A       100%        6
 Enfeeble                 Hex            0%         N/A       100%        7
 Ozocubu's Refrigeration  Ice            0%         4d7       100%        7
 Storm Form               Tmut/Air       0%         N/A       100%        7
 Disjunction              Tloc           0%         N/A       100%        8
 Ignition                 Fire           0%         3d3       100%        8
 Lehudib's Crystal Spear  Conj/Erth      0%         10d2      100%        8


Dungeon Overview and Level Annotations

Branches:
Dungeon (13/15)            Temple (0/1) D:4            Lair (5/5) D:11
 Shoals (2/4) Lair:3        Snake (0/4) Lair:3        Slime (0/5) Lair:4
    Orc (0/2) D:11        Volcano (visited)         Gauntlet (visited)
 Vaults: D:13-14

Altars:
Cheibriados
Dithmenos
Kikubaaqudgha
Nemelex Xobeh
Trog
Uskayaw
Vehumet
Xom
Yredelemnul
Lugonu

Annotations:
D:7 2 transporters, SweetJohnnyV's ghost, novice MiBe
D:12 2 transporters
Lair:2 exclusion: ice statue
Abyss:1 Psyche


Innate Abilities, Weirdness & Mutations

You are completely covered in yellow scales. (AC +4, rCorr)
You may rarely emit foul miasma when damaged in melee.
When hurt, damage is shared between your health and your magic reserves.
You regenerate magic rapidly.
Your touch may inflict irresistible damage on your foes.


Message History

The arrow hits you! The water nymph touches you. The water nymph drowns you!
The centaur warrior unwields a +0 shortbow.
The centaur warrior hits you but does no damage.
The centaur warrior barely misses you.
You hit the centaur warrior. You burn the centaur warrior.
The centaur warrior is heavily wounded.
You closely miss the centaur warrior.
You touch the centaur warrior!
The centaur warrior is severely wounded.
The water nymph touches you. The water nymph drowns you!
Splash!
You fall into the shallow water.
Moving in this stuff is going to be slow.
The centaur warrior hits you but does no damage.
The centaur warrior misses you.
The water nymph attacks as you move away!
The water nymph touches you. The water nymph drowns you!
The centaur warrior wields a +0 shortbow.
The centaur warrior shoots an arrow.
The arrow hits you. The water nymph touches you! The water nymph drowns you!
* * * LOW HITPOINT WARNING * * *
You puncture the water nymph! You burn the water nymph.
The water nymph is moderately wounded.
You puncture the water nymph! You burn the water nymph.
You touch the water nymph!
The water nymph is almost dead.
The centaur warrior shoots an arrow.
The arrow hits you but does no damage. The water nymph closely misses you.
You enter the shallow water.
Moving in this stuff is going to be slow.
The centaur warrior unwields a +0 shortbow.
The centaur warrior hits you but does no damage.
The centaur warrior kicks you but does no damage.
The water nymph closely misses you.
Your unstable footing causes you to fumble your attack.
The centaur warrior hits you but does no damage.
The centaur warrior kicks you but does no damage.
Your unstable footing causes you to fumble your attack.
The water nymph points at you and mumbles some strange words.
The water swirls and strikes you!!!
You die...

≈≈~~........~##(#.
≈≈≈≈≈.......~....
≈≈≈≈≈......~~~~. .....~
≈~≈≈~........~. ~~...~
≈≈~..~..~ ..~~# .....~
≈≈~..~..# #~~~# #....~
≈≈~..~~.# #~~~# ##...~~
≈≈~~~...###:..# ##..~~~~
≈≈≈~...@m~~...###...~~~~
≈≈≈~...~c~~....#...~≈≈~~
~≈≈~~~~~~...........≈≈~.
~~~~≈≈≈~~~~.......###.≈~..
~~~~~≈≈≈~~~~~~..~..###~≈~..
~~~≈≈≈≈≈≈~~~~~~.....##.~≈≈~.
~~..~≈≈≈≈≈~~~...###..)...~~~.
~~..~≈≈≈≈≈≈≈~..)# #...[~~~~≈.
~~~~~≈≈≈≈≈~~~...# #...~≈~~~~.


You could see a centaur warrior (very poisoned) and a water nymph.

Vanquished Creatures
  Nessos (Lair:4)
  A minotaur (Gauntlet)
  2 merfolk javelineers
  5 hydras
  A centaur warrior (Shoals:1)
  2 alligator snapping turtles (Shoals:1)
  A catoblepas (Lair:5)
  A boulder beetle (D:12)
  2 two-headed ogres
  12 death yaks
  A deep troll shaman (Lair:5)
  Urug (D:10)
  3 skysharks (Shoals:1)
  A deep elf archer (Volcano)
  2 sea snakes
  9 deep elf pyromancers (Volcano)
  8 manticores
  A salamander (Lair:3)
  An ugly thing (D:12)
  16 elephants
  2 black mambas
  10 cane toads
  3 water nymphs
  2 merfolk sirens
  2 gargoyles
  Maggie (D:10)
  8 komodo dragons
  2 unseen horrors
  A rime drake (Lair:5)
  2 minotaur zombies (Gauntlet)
  3 kobold demonologists
  An ice devil (Gauntlet)
  A troll (D:9)
  4 merfolk (Shoals:1)
  3 meliai (Gauntlet)
  5 polar bears
  A wind drake (Shoals:1)
  4 snapping turtles
  Grinder (D:6)
  2 hornets
  Prince Ribbit (D:6)
  4 blink frogs (Lair:1)
  4 dream sheep (Lair:5)
  4 slime creatures
  5 wyverns
  Sigmund (D:6)
  24 yaks
  A shadow (D:12)
  3 fire elementals (Volcano)
  Eustachio (D:6)
  A vampire (D:11)
  A water elemental (Shoals:1)
  A basilisk (Lair:5)
  Menkaure (D:6)
  8 hell hounds (Volcano)
  10 water moccasins
  2 orc warriors
  7 ice beasts
  2 sky beasts
  An ogre (D:5)
  22 wolves
  7 centaurs
  Blork the orc (D:6)
  A gnoll sergeant (D:6)
  A scorpion (D:6)
  13 bullfrogs
  A water moccasin zombie (D:5)
  3 necrophages (D:5)
  8 wights
  8 killer bees
  9 electric eels
  A bullfrog zombie (D:5)
  7 howler monkeys
  2 lava snakes (Lair:3)
  2 hounds
  7 jellies
  7 orc priests
  2 sleepcaps
  A human zombie (D:5)
  Terence (D:3)
  3 iguanas
  11 orc wizards
  A scorpion zombie (D:5)
  A hound zombie (D:5)
  2 mummies (D:5)
  7 gnolls
  6 adders
  A shadow imp (D:6)
  9 white imps
  An ufetubus (D:5)
  7 dart slugs
  22 orcs
  8 ball pythons
  8 bats
  4 endoplasms
  3 giant cockroaches
  4 goblins
  10 hobgoblins
  4 jackals (D:5)
  12 kobolds
  2 quokkas
  6 frilled lizards
  3 rats
450 creatures vanquished.

Notes
Turn   | Place    | Note
-------+----------+-------------------------------------------
     0 | D:1      | javelincjr the Demonspawn Fighter began the quest for the
                  | Orb.
     0 | D:1      | Reached XP level 1. HP: 18/18 MP: 1/1
    75 | D:1      | Gained mutation: You regenerate magic rapidly. [demonic
                  | ancestry]
    75 | D:1      | Reached XP level 2. HP: 20/24 MP: 2/2
   337 | D:1      | Gained mutation: You may rarely emit foul miasma when
                  | damaged in melee. [demonic ancestry]
   337 | D:1      | Reached XP level 3. HP: 29/29 MP: 3/3
   960 | D:2      | Found a faded altar of an unknown god.
   966 | D:2      | Prayed at the altar of an unknown god.
   966 | D:2      | Became a worshipper of Lugonu the Unformed
   966 | D:2      | Reached * piety under Lugonu
  1421 | D:3      | Reached XP level 4. HP: 36/37 MP: 4/4
  1456 | D:3      | Found a bloodstained altar of Trog.
  1718 | D:3      | Noticed Terence
  1728 | D:3      | Killed Terence
  1886 | D:4      | Found a radiant altar of Vehumet.
  1901 | D:4      | Found a staircase to the Ecumenical Temple.
  2010 | D:4      | Reached skill level 4 in Fighting
  2010 | D:4      | Reached skill level 1 in Dodging
  2010 | D:4      | Reached XP level 5. HP: 35/42 MP: 5/5
  2186 | D:4      | Reached ** piety under Lugonu
  2215 | D:4      | Identified the +9 dagger of the Sun {flame, rCorr}
  2553 | D:5      | Entered Level 5 of the Dungeon
  2660 | D:5      | Noticed a water moccasin
  2666 | D:5      | Killed a water moccasin
  2667 | D:5      | Gained mutation: Your touch may inflict minor irresistible
                  | damage on your foes. [demonic ancestry]
  2667 | D:5      | Reached XP level 6. HP: 49/49 MP: 6/6
  2785 | D:5      | Reached skill level 1 in Short Blades
  2785 | D:5      | Reached skill level 1 in Invocations
  2827 | D:5      | Found a snail-covered altar of Cheibriados.
  3044 | D:5      | Identified the ring "Kiprawk" {rPois rC+ Str+6 Dex+3
                  | Stlth+}
  3210 | D:5      | Reached XP level 7. HP: 55/55 MP: 8/8
  3297 | D:5      | Reached skill level 5 in Fighting
  3397 | D:5      | Found an ancient bone altar of Kikubaaqudgha.
  3776 | D:6      | Reached skill level 5 in Armour
  3776 | D:6      | Gained mutation: You are partially covered in yellow
                  | scales. (AC +2) [demonic ancestry]
  3776 | D:6      | Reached XP level 8. HP: 59/63 MP: 10/10
  3924 | D:6      | Noticed Menkaure
  3927 | D:6      | Killed Menkaure
  3943 | D:6      | Noticed a +0 hand axe
  3958 | D:6      | Noticed Blork the orc
  3965 | D:6      | Reached skill level 6 in Fighting
  3974 | D:6      | Killed Blork the orc
  3978 | D:6      | Reached *** piety under Lugonu
  3979 | D:6      | Noticed a +0 dagger
  3987 | D:6      | Noticed Prince Ribbit
  3988 | D:6      | Noticed Eustachio
  3994 | D:6      | Noticed Grinder
  4224 | D:6      | Killed Prince Ribbit
  4225 | D:6      | Gained mutation: You are mostly covered in yellow scales.
                  | (AC +3) [demonic ancestry]
  4225 | D:6      | Reached XP level 9. HP: 57/71 MP: 12/12
  4282 | D:6      | Killed Grinder
  4288 | D:6      | Found a basalt altar of Yredelemnul.
  4474 | D:6      | Noticed Sigmund
  4490 | D:6      | Killed Sigmund
  4521 | D:6      | Found a hide-covered altar of Uskayaw.
  4674 | D:6      | Killed Eustachio
  4675 | D:6      | Reached skill level 7 in Fighting
  4816 | D:7      | Found a transporter.
  4820 | D:7      | Found a transporter.
  4820 | D:7      | Noticed SweetJohnnyV's ghost (novice MiBe)
  4930 | D:7      | Reached skill level 5 in Short Blades
  4930 | D:7      | Reached skill level 5 in Shields
  4998 | D:7      | Reached skill level 5 in Invocations
  5444 | D:8      | Noticed Psyche
  5457 | D:8      | Banished Psyche
  5632 | D:8      | Found a shimmering altar of Xom.
  5632 | D:8      | Found a shimmering altar of Xom.
  5632 | D:8      | Found a shimmering altar of Xom.
  5632 | D:8      | Found a shimmering altar of Xom.
  5632 | D:8      | Found a shimmering altar of Xom.
  5632 | D:8      | Found a shimmering altar of Xom.
  5634 | D:8      | Found a shimmering altar of Xom.
  5701 | D:8      | Reached XP level 10. HP: 64/80 MP: 11/14
  6007 | D:8      | Noticed a fire crab
  6214 | D:9      | Reached **** piety under Lugonu
  6232 | D:9      | Got the Directory of Anthracomancy and the Snowflakes
  6499 | D:9      | Reached skill level 8 in Fighting
  7133 | D:9      | Found a shadowy altar of Dithmenos.
  7278 | D:9      | Noticed a two-headed ogre
  7289 | D:9      | Killed a two-headed ogre
  7586 | D:10     | Entered Level 10 of the Dungeon
  7716 | D:10     | Noticed Urug
  7733 | D:10     | Killed Urug
  7940 | D:10     | Noticed a two-headed ogre
  7965 | D:10     | Reached skill level 5 in Dodging
  7972 | D:10     | Killed a two-headed ogre
  7973 | D:10     | Gained mutation: When hurt, damage is shared between your
                  | health and your magic reserves. [demonic ancestry]
  7973 | D:10     | Reached XP level 11. HP: 51/87 MP: 16/16
  8266 | D:10     | You fall into a shaft and drop 3 floors!
  8303 | D:13     | Reached skill level 9 in Fighting
  8572 | D:12     | Noticed a brown ugly thing
  8592 | D:12     | Killed a brown ugly thing
  8722 | D:12     | Found a transporter.
  8723 | D:12     | Found a transporter.
  8785 | D:12     | Noticed a boulder beetle
  8804 | D:12     | Killed a boulder beetle
  8924 | D:12     | Noticed a boulder beetle
  9208 | D:10     | Noticed Maggie
  9226 | D:10     | Killed Maggie
  9353 | D:10     | Found a sparkling altar of Nemelex Xobeh.
  9792 | D:11     | Found a staircase to the Lair.
 10413 | D:11     | Found a staircase to the Orcish Mines.
 10415 | D:11     | Reached ***** piety under Lugonu
 10955 | Lair:1   | Entered Level 1 of the Lair of Beasts
 11195 | Lair:1   | Identified a scroll of acquirement
 11195 | Lair:1   | Acquired 881 gold pieces
 11245 | Lair:1   | Reached skill level 10 in Fighting
 11259 | Lair:1   | Gained mutation: You are completely covered in yellow
                  | scales. (AC +4, rCorr) [demonic ancestry]
 11259 | Lair:1   | Reached XP level 12. HP: 37/97 MP: 12/18
 11271 | Lair:1   | Found a sparkling altar of Nemelex Xobeh.
 11345 | Lair:1   | Identified the +2 ring mail "Goruyqadif" {rPois Str+2
                  | Int-5}
 11351 | Lair:1   | Found a dark tunnel.
 11450 | Volcano  | Entered a volcano
 13502 | Lair:2   | Noticed a seven-headed hydra
 13512 | Lair:2   | Killed a seven-headed hydra
 13785 | Lair:2   | Reached skill level 10 in Armour
 13848 | Lair:2   | Found a gate leading to a gauntlet.
 13857 | Gauntlet | Entered a Gauntlet
 13857 | Gauntlet | Found a transporter.
 13871 | Gauntlet | Found a transporter.
 13881 | Gauntlet | Found a transporter.
 13886 | Gauntlet | Found a transporter.
 13895 | Gauntlet | Noticed a reaper
 13901 | Gauntlet | Found a transporter.
 13917 | Gauntlet | Found a transporter.
 13932 | Gauntlet | Found a transporter.
 13937 | Gauntlet | Found a transporter.
 13952 | Gauntlet | Found a transporter.
 13954 | Gauntlet | Noticed a hell beast
 13964 | Gauntlet | Found a transporter.
 13976 | Gauntlet | Found a transporter.
 14008 | Gauntlet | Found a transporter.
 14008 | Gauntlet | Found a transporter.
 14067 | Gauntlet | Found a transporter.
 14069 | Gauntlet | Found a transporter.
 14104 | Gauntlet | Found a transporter.
 14132 | Gauntlet | Found a transporter.
 14215 | Gauntlet | Found a transporter.
 14275 | Gauntlet | Reached skill level 11 in Fighting
 14695 | Gauntlet | Identified the amulet "Ekyt" {Reflect Rampage rC+ Str+3
                  | Dex+2 SH+5}
 14727 | Gauntlet | Noticed a minotaur
 14737 | Gauntlet | Killed a minotaur
 14747 | Gauntlet | Got the Anthology of Reconstruction
 15564 | Lair:3   | Gained mutation: Your touch may inflict irresistible damage
                  | on your foes. [demonic ancestry]
 15564 | Lair:3   | Reached XP level 13. HP: 106/106 MP: 20/20
 15630 | Lair:3   | Found a staircase to the Snake Pit.
 16054 | Lair:3   | Found a staircase to the Shoals.
 16465 | Lair:4   | Got the Guide on the Algid Geodesic
 16801 | Lair:4   | Found a staircase to the Slime Pits.
 16808 | Lair:4   | Identified the +0 ring mail of the Pirate {rF+ rC+ rN+
                  | Slay+2}
 16867 | Lair:4   | Noticed Nessos
 16886 | Lair:4   | Killed Nessos
 17011 | Lair:4   | Reached skill level 10 in Short Blades
 17027 | Lair:4   | Reached skill level 10 in Invocations
 17267 | Lair:4   | You fall into a shaft and drop 1 floor!
 17267 | Lair:5   | Entered Level 5 of the Lair of Beasts
 17488 | Lair:5   | Reached skill level 12 in Fighting
 17603 | Lair:5   | Reached ****** piety under Lugonu
 17876 | Lair:5   | Got the Opusculum on Ignition and the Dose
 18011 | Lair:5   | Found a basalt altar of Yredelemnul.
 18215 | Lair:5   | Reached XP level 14. HP: 93/116 MP: 16/21
 18981 | Lair:5   | Reached skill level 13 in Fighting
 20040 | Shoals:1 | Entered Level 1 of the Shoals
 21977 | Abyss:2  | Cast into level 2 of the Abyss (merfolk impaler)
 21990 | Shoals:2 | Escaped the Abyss
 22586 | Shoals:2 | Killed from afar by a water nymph

Illustrated notes

Levels and vault maps discovered:
D:1:      minmay_arrival_arboretum_small, layout_basic, minmay_surrounded
D:2:      wad_pebble_path, layout_basic, ebering_ecumenical_altar_mist
D:3:      layout_basic, pf_just_have_faith, uniq_terence
D:4:      layout_loops_ring, mainiacjoe_overflow_catwalk,
          minmay_temple_entry_glass, reono_crystal_passage
D:5:      layout_loops_corners, lemuel_mausoleum_altar_kikubaaqudgha,
          lemuel_doored_altar, grunt_ministairs_8
D:6:      layout_rooms, mainiacjoe_overflow_surrounded_room,
          dancing_weapons_uskayaw, kennysheep_generic_room_5, uniq_grinder,
          uniq_prince_ribbit1, uniq_sigmund, uniq_blork_the_orc, uniq_eustachio,
          uniq_menkaure
D:7:      layout_rooms, gammafunk_ghost_arena
D:8:      layout_cave_pods, xom_shifter_show, uniq_psyche
D:9:      layout_roguey, nicolae_dithmenos_shadow_blocks, serial_bayou_lagoon_b
D:10:     layout_long_grid, lemuel_crystal_altar, minmay_chambers_of_fives,
          uniq_maggie, uniq_urug
D:11:     layout_basic, lair_entry_dummy, orc_0_dummy
D:12:     layout_loops_ring, serial_nicolae_subway, nicolae_sub_station_metal,
          nicolae_sub_station_stone, nicolae_sub_station_crystal
D:13:     layout_rooms, david_vaults_5, hangedman_decor_peaks_small, uniq_azrael
Lair:1:   layout_small_grid, lightli_volcano_entry_magma_tube, basic_altar,
          serial_bayou_ford_a, chequers_serial_rivers_small_3
Lair:2:   layout_regular_city, gauntlet_entry_generic, serial_bayou_pond_c,
          st_stairs_13, chequers_serial_rivers_large_b, minmay_holes,
          ice2_lemuel
Lair:3:   layout_roguey, minmay_shoals_entry_hut,
          nicolae_snake_entry_warm_welcome, infiniplex_staircase_pool
Lair:4:   layout_regular_city, minmay_slime_entry_pillars, uniq_nessos
Lair:5:   grunt_lair_end_beastmaster, layout_small_grid, basic_altar
Shoals:1: layout_shoals
Shoals:2: layout_shoals

Skill      XL: |  1  2  3  4  5  6  7  8  9 10 11 12 13 14 |
---------------+-------------------------------------------+-----
Axes           | 2 4 |  4.0
Armour         | 3 4 5 6 8 9 10 11 12 | 12.4
Shields        | 3 4 5 6 7 8 9 |  9.2
Fighting       | 4 5 6 7 8 10 11 12 13 | 13.6
Dodging        | 1 2 3 4 5 6 7 8 |  8.5
Short Blades   | 1 2 4 5 6 8 9 10 | 10.0
Invocations    | 1 2 4 5 6 8 9 10 | 10.0

Action                     |  1- 3 |  4- 6 |  7- 9 | 10-12 | 13-15 || total
---------------------------+-------+-------+-------+-------+-------++-------
  Melee: War axe           |   120 |    64 |       |       |       ||   184
         Dagger            |       |    35 |   238 |   829 |   974 ||  2076
         Touch             |       |     6 |    56 |   170 |   272 ||   504
         Punch             |       |       |     7 |    11 |    12 ||    30
  Throw: Throwing net      |       |       |     1 |     2 |       ||     3
 Invoke: Banish            |       |       |     2 |       |       ||     2
         Depart the Abyss  |       |       |       |       |     1 ||     1
    Use: Scroll            |       |       |     8 |    13 |     3 ||    24
         Potion            |       |       |       |     3 |     3 ||     6
   Stab: Petrified         |       |       |       |       |     9 ||     9
 Armour: Scale mail        |    73 |    11 |       |       |       ||    84
         Chain mail        |       |    28 |   110 |   150 |       ||   288
         Skin              |       |       |     1 |       |       ||     1
         Plate armour      |       |       |       |   222 |   375 ||   597
  Dodge: Dodged            |    62 |    30 |    87 |   281 |   323 ||   783
  Block: Buckler           |    32 |    20 |       |       |       ||    52
         Other             |       |       |       |     4 |   132 ||   136
         Reflection        |       |       |       |       |     4 ||     4
